 Dungeon Crawl Stone Soup version 0.28-b1-25-g9875b3fc8c (webtiles) character file.

Game seed: 18054609178238846297

160 inmateoo the Poker (level 5, -1/39 HPs)
             Began as a Merfolk Gladiator on Feb 4, 2022.
             Slain by a gnoll (20 damage)
             ... on level 4 of the Dungeon.
             The game lasted 00:05:28 (3791 turns).

inmateoo the Poker (Merfolk Gladiator)              Turns: 3791, Time: 00:05:28

Health: -1/39      AC:  4    Str: 16    XL:     5   Next: 41%
Magic:  5/5        EV: 13    Int:  8    God:
Gold:   116        SH:  0    Dex: 15    Spells: 4/4 levels left

rFire   . . .      SeeInvis .   a - +0 trident
rCold   . . .      Faith    .   (no shield)
rNeg    . . .      Spirit   .   b - +0 leather armour
rPois   .          Reflect  .   c - +0 helmet
rElec   .          Harm     .   (no cloak)
rCorr   +          Rampage  .   (no gloves)
Will    .....                   (no boots)
Stlth   ++........              (no amulet)
HPRegen 0.13/turn               k - ring of resist corrosion
MPRegen 0.09/turn               (no ring)

@: no status effects
A: (nimble swimmer 2), mertail
a: no special abilities


You were on level 4 of the Dungeon.
You visited 1 branch of the dungeon, and saw 4 of its levels.

You collected 149 gold pieces.
You spent 33 gold pieces at shops.

Inventory:

Hand Weapons
 a - a +0 trident (weapon)
Missiles
 d - 3 throwing nets (quivered)
Armour
 b - a +0 leather armour (worn)
 c - a +0 helmet (worn)
Jewellery
 k - a ring of resist corrosion (left hand)
Scrolls
 e - 5 scrolls of identify {unknown}
 f - a scroll of brand weapon {unknown}
 g - a scroll of torment {unknown}
 h - a scroll of magic mapping {unknown}
 j - 2 scrolls of teleportation {unknown}
 o - a scroll of fog {unknown}
Potions
 i - a potion of heal wounds {unknown}
 l - 2 potions of curing
 m - a potion of lignification {unknown}
 n - 2 potions of attraction {unknown}
 p - a potion of cancellation {unknown}


   Skills:
 + Level 2.6 Fighting
 * Level 7.2 Polearms
 - Level 2.0 Throwing
 * Level 1.3 Armour
 + Level 4.3 Dodging
 + Level 1.2 Stealth


You had 4 spell levels left.
You didn't know any spells.
Your spell library contained the following spells:

 Spells                   Type           Power      Damage    Failure   Level
 Slow                     Hex            0%         N/A       47%         1
 Confusing Touch          Hex            0%         N/A       85%         3
 Inner Flame              Hex/Fire       0%         N/A       85%         3
 Vampiric Draining        Necr           0%         2d6       85%         3
 Cause Fear               Hex            0%         N/A       99%         4
 Discord                  Hex            0%         N/A       100%        8


Dungeon Overview and Level Annotations

Branches:
Dungeon (4/15)
 Temple: D:4-7

Altars:
Okawaru

Shops:
D:2 !

Annotations:
D:2 Terence
D:4 3 runed translucent doors, dorian's ghost, amateur FeTm


Innate Abilities, Weirdness & Mutations

((You are very nimble when in or above water. (Stealth+, EV+, Speed+++)))
Your lower body shifts to a powerful aquatic tail in water.


Message History

The orc wizard points at you and mumbles some strange words.
The magic dart hits you!
You barely miss the orc wizard.
The orc wizard is heavily wounded.
The orc throws a stone.
The stone misses you.
You puncture the orc wizard!
You kill the orc wizard!
You hit the orc.
You kill the orc!
No target in view!
Items here: ( ) [ †.
Things that are here:
a +0 dagger; a +0 robe You see here a +0 robe.
You start resting.
HP restored.
You see here a +0 robe.
Things that are here:
a +0 dagger; a +0 robe
Items here: ( ) [ †.
A gnoll is nearby!
A gnoll is nearby!
The gnoll shouts!
The gnoll throws a throwing net.
The throwing net hits you.
You become entangled in the net!
You see here a throwing net.
You are held in a net!
You cannot throw anything while held in a net.
You cannot throw anything while held in a net.
You tear a large gash into the net.
You struggle against the net.
The gnoll hits you with a +4 whip of electrocution.
You struggle against the net.
The gnoll hits you with a +4 whip of electrocution.
You are electrocuted!
You rip the net and break free!
The gnoll hits you with a +4 whip of electrocution.
You are electrocuted!!
Ouch! That really hurt!
You die...

# #.# #.# ### # #.#
#.# # #.# #.# # #.#
#.# # #.# #.# #
#.##########.# #
#.........##.# #
#########.##.# ##
######@##.###### .#
#.....g........# ##
######.##...##.####.#
# #......##.####.# #
####..###.##)####.#
###P.≈.≈P.....>.....#
....#≈.≈#P)....######
###..≈.≈.....#.# #
#PP≈.≈P.#.##.#


You could see a gnoll.

Vanquished Creatures
  An orc wizard (D:4)
  3 gnolls (D:4)
  3 adders
  2 dart slugs
  3 orcs (D:4)
  8 bats
  7 endoplasms
  4 giant cockroaches
  2 goblins
  11 hobgoblins
  2 jackals (D:2)
  A quokka (D:1)
  5 ball pythons
  6 frilled lizards
  8 kobolds
  9 rats
75 creatures vanquished.

Vanquished Creatures (others)
  10 plants
10 creatures vanquished.

Grand Total: 85 creatures vanquished

Notes
Turn   | Place    | Note
-------+----------+-------------------------------------------
     0 | D:1      | inmateoo the Merfolk Gladiator began the quest for the Orb.
     0 | D:1      | Reached XP level 1. HP: 16/16 MP: 1/1
   422 | D:1      | Reached skill level 5 in Polearms
   422 | D:1      | Reached XP level 2. HP: 20/22 MP: 2/2
   521 | D:1      | Found a faded altar of an unknown god.
  1169 | D:1      | Reached XP level 3. HP: 26/28 MP: 3/3
  1679 | D:2      | Noticed Terence
  1980 | D:2      | Found Cyadack's Distillery.
  1985 | D:2      | Reached skill level 1 in Stealth
  1985 | D:2      | Reached XP level 4. HP: 34/34 MP: 4/4
  1987 | D:2      | Bought a potion of curing for 33 gold pieces
  2222 | D:2      | Reached skill level 6 in Polearms
  2499 | D:3      | Reached skill level 1 in Armour
  2816 | D:3      | Found an iron altar of Okawaru.
  3487 | D:4      | Found a runed translucent gate.
  3487 | D:4      | Found a runed translucent gate.
  3488 | D:4      | Found a runed translucent gate.
  3496 | D:4      | Noticed dorian's ghost (amateur FeTm)
  3534 | D:4      | Reached XP level 5. HP: 24/39 MP: 5/5
  3580 | D:4      | Reached skill level 7 in Polearms
  3791 | D:4      | Slain by a gnoll

Illustrated notes

Levels and vault maps discovered:
D:1:      lightli_arrival_windingriver, layout_basic,
          nicolae_ecumenical_snake_handling
D:2:      layout_loops_corners, serial_shops, shop_statue, uniq_terence
D:3:      layout_loops_ring, marbit_many_paths
D:4:      layout_loops_ring, nicolae_elyvilon_temple_path,
          gammafunk_ghost_necromancy, dk_noncrumbling_4, minivault_25,
          kennysheep_generic_room_16, uniq_sigmund

Skill      XL: |  1  2  3  4  5 |
---------------+----------------+-----
Polearms       | 5 6 7 |  7.2
Stealth        | 1 |  1.2
Armour         | 1 |  1.3
Fighting       | |  2.6
Throwing       | |  2.0
Dodging        | |  4.3

Action                   |  1- 3 |  4- 6 || total
-------------------------+-------+-------++-------
Melee: Trident           |   118 |   105 ||   223
       Punch             |     1 |     1 ||     2
Throw: Throwing net      |       |     1 ||     1
  Use: Scroll            |       |     1 ||     1
 Stab: Sleeping          |     7 |     4 ||    11
Armor: Leather armour    |    28 |    15 ||    43
Dodge: Dodged            |    72 |    33 ||   105
